 Dungeon Crawl Stone Soup version 0.28-a0-691-gad6df49e81 (webtiles) character file.

Game seed: 14330173383681473807

805 RepHenryClay the Chopper (level 7, -2/62 HPs)
             Began as a Naga Fighter on Oct 21, 2021.
             Was an Initiate of Cheibriados.
             Killed from afar by a steam dragon (18 damage)
             ... with a ball of steam
             ... on level 5 of the Dungeon.
             The game lasted 00:08:06 (5352 turns).

RepHenryClay the Chopper (Naga Fighter)             Turns: 5352, Time: 00:08:07

Health: -2/62      AC:  8    Str: 21      XL:     7   Next: 91%
Magic:  11/11      EV:  3    Int:  6 (9)  God:    Cheibriados [......]
Gold:   176        SH: 11    Dex: 11 (12) Spells: 6/6 levels left

rFire   . . .      SeeInvis +   a - +1 war axe
rCold   + . .      Faith    .   d - +0 tower shield {AC+3}
rNeg    . . .      Spirit   .   b - +0 scale mail
rPois   +          Reflect  .   (no helmet)
rElec   .          Harm     .   (no cloak)
rCorr   .          Rampage  .   (no gloves)
Will    +....                   (no barding)
Stlth   ..........              (no amulet)
HPRegen 0.20/turn               f - ring of protection from cold
MPRegen 0.12/turn               (no ring)

@: flying, very slow
A: AC +2, large, see invisible, deformed body, poison resistance, slowness 2,
spit poison 1, naga tail 1, strong-willed 1, passive freeze
a: Spit Poison, Renounce Religion, Bend Time


You were on level 5 of the Dungeon.
You worshipped Cheibriados.
Cheibriados was noncommittal.
You visited 1 branch of the dungeon, and saw 5 of its levels.

You collected 176 gold pieces.

Inventory:

Hand Weapons
 a - a +1 war axe (weapon)
Missiles
 i - 17 poisoned darts (quivered)
Armour
 b - a +0 scale mail (worn)
 d - a +0 tower shield of protection (worn)
Jewellery
 f - a ring of protection from cold (left hand)
Scrolls
 e - a scroll of identify {@r1}


   Skills:
 - Level 3.0 Fighting
 + Level 7.1 Axes
 - Level 2.4 Armour
 - Level 2.4 Shields
 + Level 5.3 Invocations


You had 6 spell levels left.
You didn't know any spells.
Your spell library contained the following spells:

 Spells                   Type           Power      Damage    Failure   Level
 Sandblast                Erth           0%         2d4       100%        1
 Blink                    Tloc           N/A        N/A       100%        2
 Passwall                 Tmut/Erth      0%         N/A       100%        2
 Conjure Flame            Conj/Fire      0%         6-21      100%        3
 Dazzling Flash           Conj/Hex       0%         N/A       100%        3
 Ignite Poison            Fire/Tmut/Pois 0%         N/A       100%        3
 Stone Arrow              Conj/Erth      0%         3d7       100%        3
 Iskenderun's Mystic Bla  Conj/Tloc      0%         2d3       100%        4
 Sticky Flame             Conj/Fire      0%         2d3       100%        4
 Manifold Assault         Tloc           0%         N/A       100%        5
 Starburst                Conj/Fire      0%         6d3       100%        6
 Storm Form               Tmut/Air       0%         N/A       100%        7


Dungeon Overview and Level Annotations

Branches:
Dungeon (5/15)
 Temple: D:4-7

Altars:
Cheibriados
Qazlal
Ru
Vehumet
Zin

Shops:
D:4 *   D:5 [

Annotations:
D:5 1 exclusion


Innate Abilities, Weirdness & Mutations

Your serpentine skin is tough. (AC +2)
You have supernaturally acute eyesight. (SInv)
Armour fits poorly on your strangely shaped body.
Your system is resistant to poisons. (rPois)
You cover ground very slowly.
You can spit poison.
You have a snake-like lower body.
You are strong-willed. (Will+)
A frigid envelope surrounds you and freezes all who hurt you.


Message History

The air around you briefly surges with heat, but it dissipates.
It was a scroll of immolation.
The fungus is engulfed in a cloud of scalding steam. x2
The fungus begins to die.
It was a potion of flight.
You feel very buoyant.
You fly up into the air.
The fungus is engulfed in a cloud of scalding steam. x2
A nearby fungus withers and dies.
It was a potion of mutation.
You feel extremely strange.
Your skin feels very cold.
You feel strong-willed.
A nearby fungus withers and dies.
The steam dragon breathes steam at you. The ball of steam hits you!
Huge Dmg: -19%(-12hp) hp: 52%(32hp) Unknown command.
Unknown command.
Unknown command.
Unknown command.
Throw: 18 darts (poison)
Press: ? - help, Q - select action, (/) - cycle Shift-Dir - straight line, f - steam dragon
Aim: a steam dragon (56% to hit)
You throw a poisoned dart.
The poisoned dart barely misses the steam dragon.
You are engulfed in a cloud of scalding steam.
The steam dragon breathes steam at you. The ball of steam hits you!
* * * LOW HITPOINT WARNING * * *
The ball of steam hits the fungus!
The fungus begins to die.
Huge Dmg: -21%(-13hp) hp: 31%(19hp)
You hit the steam dragon.
The steam dragon is lightly wounded.
You hit the fungus. x2
You are engulfed in a cloud of scalding steam.
* * * LOW HITPOINT WARNING * * *
The fungus is engulfed in a cloud of scalding steam.
A nearby fungus withers and dies.
The steam dragon breathes steam at you. The ball of steam hits you!!
You die...

#..........##........# #.#.#
#..........####.###### #.#..
##.#.######## #.# #.#..
#..#.###########.#### #.#.#
#.#.................# **#* #.#.#
#.##############....#*#≈.*** #.#..
#..≈P≈### #######≈^..,,*##.###
#..P.P^.#######§^≈§(≈.≈..,,*#.....
#...≈.P...P≈.§§.@DD......,,,######
#............P§P≈.≈§.....,,,*#....
#..^≈P..P≈.P#########.≈.D,≈≈*#.##.
#..P≈######## **..≈,,**#>#..
######...###### **≈P,** #.##.
#.#......# **######.##. #.#.####.#
#...<..##.
#.######.###########..>##.##.
#####.#....................#.....


You could see 2 steam dragons.

Vanquished Creatures
  Eustachio (D:4)
  A black bear (D:4)
  An ogre (D:5)
  A scorpion (D:5)
  A bullfrog zombie (D:5)
  A centaur zombie (D:5)
  A bullfrog skeleton (D:4)
  2 hounds
  2 iguanas (D:5)
  Natasha (D:2)
  An orc wizard (D:4)
  3 gnolls (D:5)
  4 adders
  An ufetubus (D:5)
  2 adder skeletons (D:2)
  2 worms
  A dart slug (D:4)
  14 orcs (D:4)
  7 bats
  3 endoplasms
  6 giant cockroaches
  5 goblins
  3 hobgoblins (D:3)
  A quokka (D:1)
  9 ball pythons
  3 ball python skeletons (D:2)
  2 frilled lizards (D:3)
  A jackal skeleton (D:2)
  8 kobolds
  2 quokka skeletons
  2 quokka zombies (D:2)
  8 rats
100 creatures vanquished.

Vanquished Creatures (others)
  3 fungi (D:5)
  3 plants (D:1)
  5 withered plants (D:2)
11 creatures vanquished.

Grand Total: 111 creatures vanquished

Notes
Turn   | Place    | Note
-------+----------+-------------------------------------------
     0 | D:1      | RepHenryClay the Naga Fighter began the quest for the Orb.
     0 | D:1      | Reached XP level 1. HP: 21/21 MP: 1/1
   150 | D:1      | Reached XP level 2. HP: 27/28 MP: 2/2
   366 | D:1      | Found a faded altar of an unknown god.
   377 | D:1      | Reached skill level 3 in Axes
   759 | D:2      | Reached XP level 3. HP: 32/34 MP: 3/3
  1072 | D:2      | Noticed Natasha
  1078 | D:2      | Killed Natasha
  1079 | D:2      | Reached skill level 4 in Axes
  1079 | D:2      | Reached XP level 4. HP: 34/42 MP: 4/4
  1526 | D:3      | Noticed an angel
  1527 | D:3      | Found a glowing silver altar of Zin.
  1540 | D:3      | Found a radiant altar of Vehumet.
  1615 | D:3      | Found a sacrificial altar of Ru.
  2200 | D:3      | Reached skill level 5 in Axes
  2379 | D:4      | Reached XP level 5. HP: 49/49 MP: 5/5
  2384 | D:4      | Noticed Eustachio
  2519 | D:4      | Killed Eustachio
  2520 | D:4      | Reached skill level 6 in Axes
  2520 | D:4      | Reached XP level 6. HP: 6/56 MP: 6/6
  3334 | D:4      | Found a snail-covered altar of Cheibriados.
  3340 | D:4      | Became a worshipper of Cheibriados the Contemplative
  3405 | D:4      | Reached skill level 1 in Invocations
  3407 | D:4      | Found Gaoxzeshyzu's Gadget Gallery.
  3783 | D:5      | Entered Level 5 of the Dungeon
  3797 | D:5      | Reached XP level 7. HP: 62/62 MP: 6/8
  4450 | D:5      | Found a stormy altar of Qazlal.
  4484 | D:5      | Identified a scroll of acquirement
  4484 | D:5      | Acquired a +0 tower shield of protection
  4847 | D:5      | Reached skill level 5 in Invocations
  5131 | D:5      | Reached skill level 7 in Axes
  5271 | D:5      | Found Eghai's Armour Shoppe.
  5346 | D:5      | Noticed a steam dragon
  5346 | D:5      | Noticed a steam dragon
  5350 | D:5      | Gained mutation: A frigid envelope surrounds you and
                  | freezes all who hurt you. [potion of mutation]
  5350 | D:5      | Gained mutation: You are strong-willed. (Will+) [potion of
                  | mutation]
  5352 | D:5      | Killed from afar by a steam dragon

Illustrated notes

Levels and vault maps discovered:
D:1:      eino_arrival_druids_welcome, layout_rooms,
          shapermc_ecumenical_altar_totnotflames, roderic_roman_lattice,
          corexii_leaking_fountain, minmay_tromino_v4_a
D:2:      layout_rooms, serial_undead, serial_undead_b, serial_undead_e,
          serial_undead_e, serial_undead_c, serial_undead_d,
          hangedman_decor_points, minivault_19, uniq_natasha
D:3:      layout_basic, zin_angel, nicolae_overflow_crystal_walls,
          amcnicky_altar_gilded, portal_sewer_entry_e, minmay_misc_feat_rugged
D:4:      layout_loops_ring, lemuel_doored_altar, nicolae_shop_gadgets,
          uniq_eustachio
D:5:      kennysheep_steamy, layout_basic, mainiacjoe_overflow_small_starburst,
          serial_shops, shop

Skill      XL: |  1  2  3  4  5  6  7 |
---------------+----------------------+-----
Axes           | 3 4 5 6 7 |  7.1
Invocations    | 2 5 |  5.3
Fighting       | |  3.0
Armour         | |  2.4
Shields        | |  2.4

Action                   |  1- 3 |  4- 6 |  7- 9 || total
-------------------------+-------+-------+-------++-------
Melee: War axe           |    68 |   137 |    44 ||   249
Throw: Dart              |       |     2 |    16 ||    18
Invok: Bend Time         |       |       |     1 ||     1
 Abil: Spit Poison       |     6 |     6 |     9 ||    21
Evoke: Wand              |       |       |    11 ||    11
  Use: Potion            |       |     1 |     8 ||     9
       Scroll            |       |       |     5 ||     5
Armor: Scale mail        |    36 |    65 |    44 ||   145
       Skin              |       |       |    25 ||    25
Dodge: Dodged            |    26 |    56 |    29 ||   111
Block: Buckler           |    14 |    37 |    30 ||    81

Table legend: (Time is in decaauts)
 A = Elapsed time spent in this place.
 B = Non-inter-level travel time spent in this place.
 C = Inter-level travel time spent in this place.
 D = Time resting spent in this place.
 E = Time spent auto-exploring this place.
 F = Levels seen in this place.
 G = Mean time per level.
                   A        B        C        D        E       F      G
               +--------+--------+--------+--------+--------+-----+--------+
         Total |   7126 |   6766 |    360 |    941 |   4910 |   5 | 1425.2 |
       Dungeon |   7126 |   6766 |    360 |    941 |   4910 |   5 | 1425.2 |
               +--------+--------+--------+--------+--------+-----+--------+

Top non-repeatable levels by time:
     D:4: 2081 daAuts
     D:3: 1651 daAuts
     D:5: 1634 daAuts
     D:1: 933 daAuts
     D:2: 826 daAuts
